 Dungeon Crawl Stone Soup version 0.31-a0-846-gb3bcc0d938 (webtiles) character file.

Game seed: 3050312560551920717

768 Xavori the Sneak (level 7, -3/48 HPs)
             Began as an Octopode Chaos Knight on Oct 3, 2023.
             Was a Plaything of Xom.
             Slain by an ice beast (9 damage)
             ... on level 5 of the Dungeon.
             The game lasted 00:04:12 (13028 turns).

Xavori the Sneak (Octopode Chaos Knight)           Turns: 13028, Time: 00:04:13

Health: -3/48      AC:  1    Str: 15 (16) XL:     7   Next: 82%
Magic:  7/7        EV: 13    Int: 13      God:    Xom [....*.]
Gold:   321        SH:  0    Dex: 11 (12) Spells: 6/6 levels left

rFire   . . .        a - +0 short sword (chaos)
rCold   . . .        (no shield)
rNeg    . . .        (helmet restricted)
rPois   .            (no amulet)
rElec   +            (no ring)
rCorr   .            (no ring)
SInv    .            (no ring)
Will    .....        (no ring)
Stlth   ++           (no ring)
HPRegen 0.28/turn    (no ring)
MPRegen 0.10/turn    (no ring)
                     (no ring)

%: no passive effects
@: confused, ambrosia-drunk
A: almost no armour, amphibious, 8 rings, camouflage 1, gelatinous body 1,
(nimble swimmer 1), tentacles, deterioration 2, electricity resistance, strong
1, inability to read after injury 1, MP-powered wands
a: Renounce Religion


You were on level 5 of the Dungeon.
You worshipped Xom.
You were a beloved toy of Xom.
You visited 1 branch of the dungeon, and saw 5 of its levels.

You collected 321 gold pieces.

Inventory:

Hand Weapons
 a - a +0 short sword of chaos (weapon)
 c - a +2 heavy dagger
Wands
 k - a wand of mindburst (8)
 n - a wand of flame (14)
 o - a wand of paralysis (10)
Scrolls
 b - a scroll of butterflies
 i - 2 scrolls of revelation
 j - a scroll of teleportation
 l - 2 scrolls of noise
 m - 2 scrolls of torment
 q - a scroll of enchant armour
 s - a scroll of blinking
Potions
 d - a potion of lignification {unknown}
 e - a potion of invisibility
 f - a potion of degeneration {unknown}
 g - 2 potions of ambrosia
 t - 2 potions of heal wounds {unknown}
 u - 2 potions of enlightenment {unknown}
 v - a potion of brilliance {unknown}
Miscellaneous
 r - a condenser vane


   Skills:
 + Level 4.2 Fighting
 + Level 5.1 Short Blades
 + Level 3.2 Dodging
 + Level 7.3 Stealth
 * Level 3.2 Evocations


You had 6 spell levels left.
You didn't know any spells.
Your spell library contained the following spells:

 Spells                   Type           Power      Damage    Failure   Level
 Necrotise                Necr           0%         1d4       30%         1
 Stone Arrow              Conj/Erth      0%         3d7       67%         3
 Vampiric Draining        Necr           0%         2d6       67%         3
 Agony                    Necr           0%         N/A       100%        5
 Lehudib's Crystal Spear  Conj/Erth      0%         10d2      100%        8
 Animate Armour           Summ/Erth      Unusable   N/A       N/A         4

Dungeon Overview and Level Annotations

Branches:
Dungeon (5/15)             Temple (0/1) D:5

Altars:
Cheibriados
Hepliaklqana
Nemelex Xobeh


Innate Abilities, Weirdness & Mutations

You cannot wear most types of armour.
You are amphibious.
You can wear up to eight rings at the same time.
Your skin changes colour to match your surroundings (Stealth+).
Your rubbery body absorbs attacks. (AC +1, EV +1)
((You are camouflaged when in or above water. (Stealth+)))
You have tentacles for arms and can constrict up to eight enemies at once.
Your body often deteriorates upon taking damage.
You are resistant to electric shocks. (rElec)
Your muscles are strong. (Str +4, Int/Dex -1)
You occasionally lose the ability to read scrolls when taking damage.
You expend magic power (3 MP) to strengthen your wands.


Message History

You barely miss the ice beast.
The ice beast is heavily wounded.
The ice beast misses you.
You hit the ice beast.
The ice beast easily resists.
Your squeeze misses the ice beast.
The ice beast is severely wounded.
Unknown command.
You hit the ice beast but do no damage.
The ice beast is duplicated!
The ice beast is severely wounded.
The ice beast hits you but does no damage.
Unknown command.
You hit the ice beast.
The ice beast seems to slow down.
You squeeze the ice beast.
The ice beast is almost dead.
The ice beast is no longer moving slowly.
The ice beast hits you. The ice beast freezes you!
The ice beast closely misses you.
You completely miss the ice beast. Your squeeze misses the ice beast.
The ice beast is almost dead.
The ice beast closely misses you.
There are monsters nearby!
You hit the ice beast but do no damage. You squeeze the ice beast.
The ice beast is almost dead.
The ice beast hits you. The ice beast freezes you!
You are too injured to fight recklessly!
Unknown command.
You are too injured to fight recklessly!
Unknown command.
The ice beast attacks as it pursues you!
The ice beast hits you. The ice beast freezes you!
* * * LOW HITPOINT WARNING * * *
It was a potion of ambrosia.
You are confused.
You feel invigorated.
Xom adds some personal touches to your environment.
A door bursts open!
The ice beast hits you.
* * * LOW HITPOINT WARNING * * *
The ice beast freezes you!
You die...
Xom guffaws!

##.#.#..##.#.
..##.......##)#.####
.....#.#.#.........######
...#.......#....##......#
.#...#.>.#...#..##......#
...#.......#....##......#
#....#.#.#...#..##......#
..##............@YY[....#
......#.#.......##..##'##
...........####.....#
.......#...........##
............#.#.####
............#...#
......#.#.#.#####
###'#.......#
#.#...#.#.#######


You could see 2 ice beasts.

Vanquished Creatures
  A water moccasin (D:4)
  A black bear (D:4)
  A phantom (D:4)
  A scorpion (D:5)
  A hound (D:3)
  A jelly (D:4)
  3 orc wizards
  7 adders
  A shadow imp (D:5)
  An ufetubus (D:4)
  A worm (D:3)
  2 dart slugs
  11 orcs
  7 endoplasms
  5 giant cockroaches
  10 goblins
  9 hobgoblins
  2 jackals (D:1)
  A quokka (D:4)
  6 ball pythons
  5 bats
  6 frilled lizards
  4 kobolds
  6 rats
93 creatures vanquished.

Vanquished Creatures (collateral kills)
  A golden eye (D:3)
1 creature vanquished.

Grand Total: 94 creatures vanquished

Notes
Turn   | Place    | Note
-------+----------+-------------------------------------------
     0 | D:1      | Xavori the Octopode Chaos Knight began the quest for the
                  | Orb.
     0 | D:1      | Reached XP level 1. HP: 16/16 MP: 1/1
     5 | D:1      | XOM: potion effect (brilliance)
    70 | D:1      | XOM: silly message
   105 | D:1      | Reached XP level 2. HP: 17/21 MP: 2/2
   227 | D:1      | XOM: silly message
   295 | D:1      | XOM: divination: detect items
   615 | D:2      | Reached XP level 3. HP: 26/26 MP: 3/3
   680 | D:1      | XOM: silly message
  1432 | D:1      | XOM is BORED!
  2743 | D:1      | XOM: cloud trail
  2818 | D:1      | XOM: god gift: ring mail {god gift}
  3166 | D:1      | XOM: cloud trail
  3359 | D:1      | XOM: god gift: book of Armaments
  4476 | D:1      | XOM: give mutations
  4476 | D:1      | Gained mutation: Your body sometimes deteriorates upon
                  | taking damage. [Xom's mischief]
  4476 | D:1      | Gained mutation: Your body often deteriorates upon taking
                  | damage. [Xom's mischief]
  4590 | D:1      | XOM: noise
  4605 | D:1      | XOM: summons 2 hostile demons
  4806 | D:1      | XOM: give mutations
  4806 | D:1      | Gained mutation: You are vulnerable to heat. (rF-) [Xom's
                  | mischief]
  4806 | D:1      | Lost mutation: You are vulnerable to heat. (rF-) [Xom's
                  | mischief]
  4806 | D:1      | Gained mutation: You expend magic power (3 MP) to
                  | strengthen your wands. [Xom's mischief]
  4806 | D:1      | Gained mutation: You occasionally lose the ability to read
                  | scrolls when taking damage. [Xom's mischief]
  6986 | D:1      | XOM is BORED!
  6986 | D:1      | XOM: noise
  7153 | D:1      | XOM: silly message
  7331 | D:1      | XOM: divination: detect creatures
  7479 | D:1      | XOM: divination: detect creatures
  7528 | D:1      | XOM is BORED!
  7528 | D:1      | XOM: silly message
  8411 | D:1      | XOM: noise
  9029 | D:1      | XOM: scenery: summon butterflies
  9354 | D:1      | XOM: give mutations
  9354 | D:1      | Gained mutation: You are resistant to electric shocks.
                  | (rElec) [Xom's grace]
  9354 | D:1      | Gained mutation: Your muscles are strong. (Str +4, Int/Dex
                  | -1) [Xom's grace]
  9569 | D:2      | Reached skill level 1 in Stealth
  9695 | D:2      | XOM is BORED!
  9695 | D:2      | Found a faded altar of an unknown god.
  9695 | D:2      | XOM: 2-stop teleportation journey
  9773 | D:2      | Reached skill level 2 in Stealth
  9773 | D:2      | Reached XP level 4. HP: 31/31 MP: 4/4
  9847 | D:2      | XOM: summons 1 hostile shadow creature
  9873 | D:2      | XOM: god gift: scroll labelled XAATSE CUPNE {god gift}
  9951 | D:2      | XOM: god gift: 51 gold pieces
 10638 | D:3      | XOM: god gift: scale mail {god gift}
 10640 | D:3      | Reached skill level 3 in Stealth
 10974 | D:3      | Reached XP level 5. HP: 36/36 MP: 5/5
 11016 | D:3      | Found a snail-covered altar of Cheibriados.
 11199 | D:3      | XOM: enchant monster (good)
 11201 | D:3      | Reached skill level 4 in Stealth
 11270 | D:3      | a scorpion changed into a golden eye
 11270 | D:3      | Noticed a golden eye
 11270 | D:3      | XOM: polymorph scorpion -> golden eye
 11283 | D:3      | XOM: summons 5 friendly demons
 11287 | D:3      | Killed a golden eye
 11288 | D:3      | Reached skill level 5 in Stealth
 11288 | D:3      | Reached skill level 1 in Evocations
 11288 | D:3      | Reached XP level 6. HP: 43/43 MP: 6/6
 11460 | D:3      | Found a sparkling altar of Nemelex Xobeh.
 11527 | D:3      | XOM: silly message
 11910 | D:2      | XOM: scenery: summon butterflies
 11973 | D:2      | XOM: god gift: condenser vane
 12057 | D:4      | XOM: noise
 12254 | D:4      | Found a hazy altar of Hepliaklqana.
 12326 | D:4      | Noticed a black bear
 12327 | D:4      | XOM: summons 2 friendly demons
 12336 | D:4      | Killed a black bear
 12337 | D:4      | Reached skill level 6 in Stealth
 12337 | D:4      | Reached XP level 7. HP: 39/48 MP: 7/7
 12344 | D:4      | XOM: 1-stop teleportation journey
 12641 | D:4      | Reached skill level 5 in Short Blades
 12641 | D:4      | Reached skill level 7 in Stealth
 12936 | D:5      | Entered Level 5 of the Dungeon
 12953 | D:5      | Found a staircase to the Ecumenical Temple.
 12990 | D:5      | XOM: god gift: flail {god gift}
 13028 | D:5      | XOM: scenery: 1 doors open
 13028 | D:5      | Slain by an ice beast

Illustrated notes

Levels and vault maps discovered:
D:1:      ebering_hopf_link, layout_basic
D:2:      layout_basic, hellmonk_ecumenical_altar_lost_god
D:3:      layout_loops_corners, mainiacjoe_overflow_paths,
          general_overflow_altar, guppyfry_early_orc_mine
D:4:      layout_loops_cross, mainiacjoe_overflow_tiny_flanked
D:5:      due_chaos_kobolds, layout_basic, minmay_temple_entry_sparse_star,
          serial_shops, kennysheep_mini_moat, corner_web_ring, st_stairs_12,
          uniq_eustachio

Skill      XL: |  1  2  3  4  5  6  7 |
---------------+----------------------+-----
Stealth        | 2 3 5 6 7 |  7.3
Short Blades   | 4 5 |  5.1
Dodging        | 3 |  3.2
Evocations     | 1 2 3 |  3.2
Fighting       | 4 |  4.2

Action                     |  1- 3 |  4- 6 |  7- 9 || total
---------------------------+-------+-------+-------++-------
  Melee: Short sword       |    14 |       |    11 ||    25
         Constrict         |    20 |    24 |     5 ||    49
         Tentacles         |     9 |    16 |     5 ||    30
         Dagger            |    52 |    94 |    19 ||   165
         Punch             |     1 |     2 |       ||     3
    Use: Scroll            |       |     1 |     8 ||     9
         Potion            |       |       |     2 ||     2
   Stab: Sleeping          |     8 |    15 |     2 ||    25
         Paralysed         |       |     1 |       ||     1
         Invisible         |       |       |     2 ||     2
 Armour: Skin              |    20 |    39 |    17 ||    76
  Dodge: Dodged            |    30 |    31 |    19 ||    80

Table legend: (Time is in decaauts)
 A = Elapsed time spent in this place.
 B = Non-inter-level travel time spent in this place.
 C = Inter-level travel time spent in this place.
 D = Time resting spent in this place.
 E = Time spent auto-exploring this place.
 F = Levels seen in this place.
 G = Mean time per level.
                   A        B        C        D        E       F      G
               +--------+--------+--------+--------+--------+-----+--------+
         Total |  12998 |  12843 |    155 |   9583 |   2650 |   5 | 2599.6 |
       Dungeon |  12998 |  12843 |    155 |   9583 |   2650 |   5 | 2599.6 |
               +--------+--------+--------+--------+--------+-----+--------+

Top non-repeatable levels by time:
     D:1: 9228 daAuts
     D:2: 1599 daAuts
     D:3: 1209 daAuts
     D:4: 873 daAuts
     D:5: 88 daAuts
